 Dungeon Crawl Stone Soup version 0.27-a0-1191-g601b473118 (webtiles) character file.

Game seed: 17946762759680338757

5271 Zdeegee the Protected (level 10, -2/63 HPs)
             Began as a Gargoyle Fighter on May 24, 2021.
             Was a Plaything of Xom.
             Killed from afar by a swamp worm (11 damage)
             ... with a harpoon shot
             ... on level 8 of the Dungeon.
             The game lasted 00:25:43 (10953 turns).

Zdeegee the Protected (Gargoyle Fighter)           Turns: 10953, Time: 00:25:45

Health: -2/63      AC: 17    Str: 22    XL:     10   Next: 62%
Magic:  14/14      EV:  9    Int: 10    God:    Xom [...*..]
Gold:   542        SH: 11    Dex:  7    Spells: 9/9 levels left

rFire    . . .     SeeInvis .   a - +4 flail (protect)
rCold    . . .     Faith    +   c - +0 kite shield
rNeg     + + .     Spirit   .   z - +0 scale mail
rPois    ∞         Reflect  .   (helmet restricted)
rElec    +         Harm     .   (no cloak)
rCorr    .         Rampage  .   s - +1 pair of gloves
Will     .....                  (no boots)
Stlth    ..........             H - amulet of faith
HPRegen  0.20/turn              y - ring of flight
MPRegen  0.14/turn              F - ring of positive energy

@: flying
A: sickness immunity, AC +7, negative energy resistance 1, electricity
resistance, torment resistance 1, petrification resistance, antennae 1, clumsy 1
a: Renounce Religion


You were on level 8 of the Dungeon.
You worshipped Xom.
You were a favourite toy of Xom.
You visited 1 branch of the dungeon, and saw 10 of its levels.
You also visited: Ossuary.

You collected 542 gold pieces.

Inventory:

Hand Weapons
 a - a +4 flail of protection (weapon)
 b - the +6 arbalest of True Grit {vorpal, *Corrode Str+3 Dex+2}
   (Xom gifted it to you on level 6 of the Dungeon)

   Any bolt fired from it inflicts extra damage.
   It affects your strength (+3).
   It affects your dexterity (+2).
   It may corrode you when you take damage.
 B - a +0 flail
Missiles
 l - 11 datura-tipped darts
 r - an atropa-tipped dart
 x - 41 sling bullets
 A - 6 curare-tipped darts (quivered)
 D - 31 poisoned darts
 E - 6 boomerangs
Armour
 c - a +0 kite shield (worn)
 s - a +1 pair of gloves (worn)
 z - a +0 scale mail (worn)
Jewellery
 y - a ring of flight (left hand)
 F - a ring of positive energy (right hand)
 H - an amulet of faith (around neck)
 L - a ring of positive energy
Wands
 v - a wand of iceblast (11)
Scrolls
 f - a scroll of enchant armour {unknown}
 i - 2 scrolls of fear {unknown}
 k - a scroll of vulnerability {unknown}
 o - 6 scrolls of teleportation
 p - 2 scrolls of fog
 t - a scroll of silence
 u - 2 scrolls of amnesia {unknown}
 w - 2 scrolls of noise
 G - 4 scrolls of enchant weapon
 J - 2 scrolls of magic mapping
 K - a scroll of identify
Potions
 d - 3 potions of might
 e - 2 potions of attraction
 g - 2 potions of haste
 h - 4 potions of lignification
 j - 4 potions of curing
 n - a potion of flight
 q - a potion of invisibility
 C - a potion of berserk rage
 I - a potion of mutation {unknown}


   Skills:
 * Level 7.6 Fighting
 + Level 7.2 Maces & Flails
 + Level 3.2 Crossbows
 + Level 0.4 Throwing
 * Level 8.1 Armour
 + Level 2.4 Dodging
 + Level 3.0 Stealth
 * Level 8.1 Shields
 + Level 5.5 Invocations
 + Level 1.1 Evocations


You had 9 spell levels left.
You didn't know any spells.
Your spell library contained the following spells:

 Spells                   Type           Power      Damage    Failure   Level
 Beastly Appendage        Tmut           0%         N/A       91%         1
 Magic Dart               Conj           0%         1d3       91%         1
 Sandblast                Erth           0%         2d4       91%         1
 Blink                    Tloc           N/A        N/A       97%         2
 Call Imp                 Summ           0%         N/A       97%         2
 Passwall                 Tmut/Erth      0%         N/A       97%         2
 Slow                     Hex            0%         N/A       97%         2
 Wereblood                Tmut           0%         N/A       97%         2
 Conjure Flame            Conj/Fire      0%         6-21      100%        3
 Mephitic Cloud           Conj/Pois/Air  0%         N/A       100%        3
 Spider Form              Tmut/Pois      0%         N/A       100%        3
 Stone Arrow              Conj/Erth      0%         3d7       100%        3
 Ice Form                 Ice/Tmut       0%         N/A       100%        4
 Petrify                  Tmut/Erth      0%         N/A       100%        4
 Sticky Flame             Conj/Fire      0%         2d3       100%        4
 Hydra Form               Tmut           0%         N/A       100%        5
 Lee's Rapid Deconstruct  Erth           0%         3d5*      100%        5
 Lightning Bolt           Conj/Air       0%         1d11      100%        5
 Malign Gateway           Summ/Tloc      0%         N/A       100%        7


Dungeon Overview and Level Annotations

Branches:
Dungeon (10/15)            Temple (0/1) D:7         Ossuary (visited)
   Lair: D:8-11         Orc: D:9-12

Altars:
Cheibriados
Sif Muna
Uskayaw
Wu Jian
Xom

Shops:
D:8 [


Innate Abilities, Weirdness & Mutations

You are immune to sickness and miasma.
Your stone body is resilient. (AC +7)
You are immune to poison.
You resist negative energy. (rN+)
You are resistant to electric shocks. (rElec)
You are resistant to unholy torment.
You are immune to petrification.
You have a pair of small antennae on your head.
You are clumsy. (Dex -2)


Message History

You kill the orc!
The two-headed ogre hits you but does no damage.
The two-headed ogre closely misses you.
Things that are here:
a +1 dagger of draining; an orc corpse "Tag, you're it!"
Nothing appears to happen.
You are now Xom's teddy bear. "This might be better!"
The two-headed ogre evaporates and reforms as a water nymph!
The water nymph flows with the water.
The escape hatch in the ceiling slides away as you move under it!
Xom's power flows through you!
The water nymph's watery aura covers the escape hatch in the ceiling.
Your quokka bites the water nymph but does no damage. "Serve the mortal, my children!"
The water nymph flows with the water.
Your white imp hits the water nymph but does no damage.
Your iron imp splashes around in the water.
Your iron imp hits the water nymph. "This might be better!"
The water nymph evaporates and reforms as a swamp worm!
You are now a favourite toy of Xom.
Your white imp gestures at the swamp worm.
The puff of frost hits the swamp worm.
Your white imp gestures at the swamp worm.
The puff of frost hits the swamp worm!
The escape hatch in the floor slides away as you move over it!
Xom momentarily opens a gate.
The swamp worm fires a harpoon shot at you.
The harpoon shot hits you!
* * * LOW HITPOINT WARNING * * *
You are yanked forward by the harpoon shot.
Blink to where?
Press: ? - help, Dir - move target
As you read the scroll of blinking, it crumbles to dust.
The swamp worm fires a harpoon shot at you.
The harpoon shot hits you!
You die...
Xom yawns loudly!

#..........≈≈≈.≈################
#.#######..≈≈≈..................
#.# #5#####.################ #.#
#.#...#.# #.# #5#.#.#.# ######
#.# #.#.#.#.# #.⌠.⌠# ##.#
#r#.#.#.#####..∩.# ...#
#.#.#.#.......⌠.⌠#
##########5#<#.#@.#######.###
.......................)...>#
.#######5#'#w.....#######.#)# .#
#..5§..........# #...# .#
#..........###.# #####
.#######...>5.....# #.#
............5.....# #.#
#.######..........# #.# #..#
#..........###.#


You could see a swamp worm (ally target), 2 friendly crimson imps and a friendly
ufetubus (summoned).

Vanquished Creatures
  A boulder beetle (D:6)
  An unseen horror (D:8)
  A wraith (D:5)
  A basilisk (D:8)
  2 humans (D:8)
  6 yaks
  Menkaure (D:4)
  A steam dragon (D:6)
  An orc warrior (D:6)
  A black bear (D:6)
  A centaur (D:5)
  2 ogres
  2 kobold brigands
  2 bullfrogs
  A gnoll sergeant (D:5)
  5 scorpions
  A water moccasin skeleton (D:5)
  6 wights
  4 centaur zombies
  An orc priest (D:8)
  5 hounds
  A jelly (D:5)
  An iguana (D:6)
  2 orc wizards (D:6)
  2 ogre zombies (Ossuary)
  7 mummies (Ossuary)
  5 gnolls (D:5)
  5 adders
  2 white imps (D:6)
  An ufetubus (D:4)
  3 adder zombies (Ossuary)
  An adder skeleton (D:4)
  2 worms
  A dart slug (D:4)
  13 orcs
  9 endoplasms
  3 giant cockroaches
  2 gnoll zombies (Ossuary)
  10 goblins
  4 hobgoblins
  3 jackals (D:1)
  14 kobolds
  4 quokkas
  8 ball pythons
  5 bats
  2 frilled lizards
  3 goblin zombies (Ossuary)
  4 hobgoblin zombies (Ossuary)
  2 kobold zombies (Ossuary)
  An orc zombie (Ossuary)
  7 quokka zombies (Ossuary)
  5 rats
  3 rat zombies (Ossuary)
181 creatures vanquished.

Vanquished Creatures (collateral kills)
  3 yaks (D:10)
  A human (D:8)
  An ogre (D:6)
  A bullfrog (D:6)
  A scorpion (D:6)
  A wight (D:8)
  5 kobolds
13 creatures vanquished.

Vanquished Creatures (others)
  2 yaks
  2 humans (D:8)
  A hobgoblin (D:4)
  A plant (D:3)
6 creatures vanquished.

Grand Total: 200 creatures vanquished

Notes
Turn   | Place    | Note
-------+----------+-------------------------------------------
     0 | D:1      | Zdeegee the Gargoyle Fighter began the quest for the Orb.
     0 | D:1      | Reached XP level 1. HP: 14/14 MP: 1/1
   298 | D:1      | Reached skill level 1 in Invocations
   298 | D:1      | Reached XP level 2. HP: 16/19 MP: 2/2
   757 | D:1      | Reached XP level 3. HP: 23/23 MP: 3/3
  1417 | D:2      | Found a faded altar of an unknown god.
  1425 | D:2      | Became a worshipper of Xom of Chaos
  1755 | D:2      | XOM: silly message
  2111 | D:3      | HP: 1/23 [frozen (4)]
  2286 | D:3      | Reached XP level 4. HP: 15/28 MP: 5/5
  2366 | D:3      | XOM: divination: magic mapping
  2915 | D:3      | Found a snail-covered altar of Cheibriados.
  3443 | D:3      | XOM: noise
  3555 | D:4      | Reached XP level 5. HP: 28/33 MP: 6/6
  3616 | D:4      | XOM: confusion (+ monsters)
  3642 | D:4      | XOM: silly message
  3655 | D:4      | Reached skill level 1 in Dodging
  4125 | D:4      | Noticed an ogre
  4145 | D:4      | Killed an ogre
  4146 | D:4      | Reached XP level 6. HP: 32/38 MP: 7/7
  4325 | D:4      | Noticed Menkaure
  4332 | D:4      | Killed Menkaure
  4524 | D:5      | Entered Level 5 of the Dungeon
  4554 | D:5      | XOM: god gift: 41 gold pieces
  4658 | D:5      | XOM: smoke on damage
  4780 | D:5      | XOM: confusion (+ monsters)
  4842 | D:5      | Reached skill level 5 in Armour
  4842 | D:5      | Reached skill level 1 in Stealth
  4842 | D:5      | Reached XP level 7. HP: 44/44 MP: 7/9
  4888 | D:5      | XOM: confuse monster(s)
  5076 | D:4      | XOM: give mutations
  5076 | D:4      | Gained mutation: You have a pair of small antennae on your
                  | head. [Xom's grace]
  5076 | D:4      | Gained mutation: You are partially covered in iridescent
                  | scales. (AC +2) [Xom's grace]
  5405 | D:5      | Reached skill level 5 in Shields
  5410 | D:5      | Noticed a wraith
  5454 | D:5      | Killed a wraith
  5455 | D:5      | XOM: give mutations
  5455 | D:5      | Gained mutation: You are dopey. (Int -2) [Xom's mischief]
  5455 | D:5      | Lost mutation: You are partially covered in iridescent
                  | scales. (AC +2) [Xom's mischief]
  5455 | D:5      | Lost mutation: You are dopey. (Int -2) [Xom's mischief]
  5714 | D:5      | Reached XP level 8. HP: 19/48 MP: 10/10
  5810 | D:5      | XOM: silly message
  5967 | D:5      | XOM: 6-stop teleportation journey
  6209 | D:5      | XOM: stat loss: -1 Int (9/10)
  6369 | D:6      | XOM: 1-stop teleportation journey
  6371 | D:6      | Identified the +6 arbalest of True Grit {vorpal, *Corrode
                  | Str+3 Dex+2} (Xom gifted it to you on level 6 of the
                  | Dungeon)
  6371 | D:6      | XOM: god gift: +6 arbalest of True Grit {vorpal, *Corrode
                  | Str+3 Dex+2}
  6415 | D:6      | XOM: scenery: 2 doors open
  6429 | D:6      | Reached skill level 5 in Fighting
  6676 | D:6      | Reached skill level 1 in Crossbows
  6696 | D:6      | Noticed a boulder beetle
  6883 | D:6      | XOM: summons 4 friendly demons
  7181 | D:6      | Reached skill level 5 in Maces & Flails
  7220 | D:6      | XOM: 3-stop teleportation journey
  7272 | D:6      | Reached XP level 9. HP: 23/54 MP: 12/12
  7282 | D:6      | Killed a boulder beetle
  7283 | D:6      | Reached skill level 1 in Evocations
  7553 | D:6      | Found a hide-covered altar of Uskayaw.
  8073 | D:6      | XOM: draining
  8193 | D:7      | Found a staircase to the Ecumenical Temple.
  8193 | D:7      | You are sucked into a shaft and drop 3 floors!
  8193 | D:10     | Entered Level 10 of the Dungeon
  8209 | D:10     | XOM: scenery: summon butterflies
  8227 | D:10     | XOM: god gift: 23 arrows
  8262 | D:10     | XOM: cast spell 'Discord'
  8263 | D:10     | XOM: scenery: create altars
  8290 | D:10     | XOM: divination: magic mapping
  8291 | D:10     | XOM: summons 2 friendly demons
  8305 | D:10     | XOM: silly message
  8397 | D:8      | XOM: divination: detect items
  8400 | D:8      | Identified the Collected Works on Conjuration and the
                  | Voyage
  8444 | D:8      | XOM: 3-stop teleportation journey
  8452 | D:8      | XOM: torment (35/56 hp)
  8482 | D:8      | XOM: blink monster(s)
  8490 | D:8      | XOM: draining
  8491 | D:8      | XOM: stat loss: -1 Int (9/10)
  8493 | D:8      | XOM: fake destruction
  8503 | D:8      | XOM: summons 4 hostile demons
  8504 | D:8      | Noticed a red devil
  8520 | D:8      | XOM: enchant monster (bad)
  8532 | D:8      | XOM: confusion (+ monsters)
  8564 | D:8      | XOM: chaos upgrade
  8570 | D:8      | Reached skill level 5 in Invocations
  8594 | D:8      | XOM: chaos upgrade
  8600 | D:8      | XOM: silly message
  8608 | D:8      | XOM: swap monsters
  8615 | D:8      | XOM: cast spell 'Summon Horrible Things'
  8621 | D:8      | Reached XP level 10. HP: 18/61 MP: 13/13
  8653 | D:8      | Found a sand-covered staircase.
  8657 | Ossuary  | Entered an ossuary
  8763 | Ossuary  | XOM: 2-stop teleportation journey
  8925 | Ossuary  | XOM: summons 3 hostile shadow creatures
  9028 | Ossuary  | XOM: 1-stop teleportation journey
  9032 | Ossuary  | XOM: 8-stop teleportation journey
  9405 | D:8      | XOM: chaos upgrade
  9423 | D:8      | XOM: divine lightning
  9432 | D:8      | XOM: give mutations
  9432 | D:8      | Gained mutation: You are frail. (-10% HP) [Xom's mischief]
  9432 | D:8      | Gained mutation: You are dopey. (Int -2) [Xom's mischief]
  9639 | D:8      | Found Reruejip's Armour Shoppe.
  9666 | D:8      | XOM: summons 1 hostile demon
  9987 | D:8      | Found a shimmering blue altar of Sif Muna.
 10023 | D:8      | XOM: stat loss: -1 Dex (8/9)
 10081 | D:9      | XOM: 4-stop teleportation journey
 10090 | D:9      | XOM: polymorph yak -> something unseen
 10091 | D:9      | XOM: silly message
 10098 | D:8      | XOM: potion effect (curing)
 10105 | D:8      | XOM: divination: detect items
 10112 | D:8      | XOM: enchant monster (good)
 10113 | D:8      | XOM: divination: detect creatures
 10159 | D:8      | Killed an unseen horror
 10230 | D:8      | XOM: give mutations
 10230 | D:8      | Gained mutation: Your muscles are strong. (Str +2) [Xom's
                  | grace]
 10230 | D:8      | Lost mutation: You are dopey. (Int -2) [Xom's grace]
 10230 | D:8      | Gained mutation: You are partially covered in iridescent
                  | scales. (AC +2) [Xom's grace]
 10396 | D:8      | XOM: give mutations
 10396 | D:8      | Gained mutation: You are clumsy. (Dex -2) [Xom's mischief]
 10396 | D:8      | Lost mutation: You are frail. (-10% HP) [Xom's mischief]
 10396 | D:8      | Lost mutation: You are partially covered in iridescent
                  | scales. (AC +2) [Xom's mischief]
 10396 | D:8      | Lost mutation: Your muscles are strong. (Str +2) [Xom's
                  | mischief]
 10415 | D:8      | XOM: noise
 10417 | D:8      | XOM: destruction
 10422 | D:8      | XOM: summons friendly crimson imp
 10636 | D:9      | XOM: smoke on damage
 10654 | D:9      | XOM: scenery: summon butterflies
 10764 | D:9      | XOM: cast spell 'Summon Small Mammal'
 10853 | D:9      | Found an ornate altar of the Wu Jian Council.
 10868 | D:9      | XOM: noise
 10874 | D:9      | XOM: cast spell 'Olgreb's Toxic Radiance'
 10889 | D:9      | Noticed a two-headed ogre
 10900 | D:9      | XOM: confuse monster(s)
 10909 | D:9      | XOM: divination: detect items
 10926 | D:8      | Noticed a water nymph
 10926 | D:8      | a two-headed ogre changed into a water nymph
 10926 | D:8      | XOM: polymorph two-headed ogre -> water nymph
 10932 | D:8      | XOM: cast spell 'Summon Small Mammal'
 10937 | D:8      | XOM: summons 2 friendly demons
 10944 | D:8      | a water nymph changed into a swamp worm
 10944 | D:8      | XOM: polymorph water nymph -> swamp worm
 10952 | D:8      | XOM: summons 4 friendly demons
 10953 | D:8      | Killed from afar by a swamp worm

Illustrated notes

Levels and vault maps discovered:
D:1:      psy_arrival_whirlpool, layout_basic
D:2:      layout_basic, hellmonk_ecumenical_altar_heavens_door
D:3:      layout_rooms, general_overflow_altar, serial_bayou,
          serial_bayou_pond_e, serial_bayou_lagoon_a, serial_bayou_crossing,
          serial_bayou_shore_b, serial_bayou_ford_a
D:4:      kennysheep_big_flooded_room, layout_basic, uniq_menkaure
D:5:      layout_cave_pods, minmay_misc_feat_enclosed
D:6:      layout_basic, nicolae_uskayaw_suspiria
D:7:      cheibrodos_wizards_tower, layout_loops_ring,
          minmay_temple_entry_crystal_x
D:8:      layout_basic, nicolae_sif_muna_little_library, serial_shops,
          shop_fountains, enter_ossuary_5, minmay_ruffians
D:9:      layout_cross, nicolae_overflow_crystal_walls,
          chequers_decorated_corner
D:10:     layout_long_grid, due_lair_maze_entry_diamond, serial_glass,
          glass_columns_c, glass_columns_a, glass_columns_a, glass_columns_b,
          glass_columns_a, glass_columns_c, glass_columns_b, glass_columns_a,
          minmay_strange_pillars, minmay_strange_pillars,
          minmay_strange_pillars, david_greed, uniq_psyche

Skill      XL: |  1  2  3  4  5  6  7  8  9 10 |
---------------+-------------------------------+-----
Invocations    | 1 2 3 4 5 |  5.5
Armour         | 4 5 6 7 8 |  8.1
Shields        | 4 5 6 7 8 |  8.1
Dodging        | 1 2 |  2.4
Fighting       | 4 5 6 7 |  7.6
Maces & Flails | 3 4 5 6 7 |  7.2
Stealth        | 1 2 3 |  3.0
Crossbows      | 1 2 3 |  3.2
Evocations     | 1 |  1.1
Throwing       | |  0.4

Action                   |  1- 3 |  4- 6 |  7- 9 | 10-12 || total
-------------------------+-------+-------+-------+-------++-------
Melee: Flail             |   171 |   158 |   289 |   274 ||   892
Throw: Dart              |       |       |     6 |     3 ||     9
Evoke: Wand              |       |     4 |     8 |     2 ||    14
  Use: Potion            |     1 |       |     4 |     2 ||     7
       Scroll            |       |     7 |     3 |     8 ||    18
 Stab: Paralysed         |       |     5 |     9 |       ||    14
Armor: Scale mail        |   109 |    76 |   163 |   154 ||   502
Dodge: Dodged            |    66 |    62 |   117 |    94 ||   339
Block: Kite shield       |    96 |   100 |   157 |   147 ||   500

Table legend: (Time is in decaauts)
 A = Elapsed time spent in this place.
 B = Non-inter-level travel time spent in this place.
 C = Inter-level travel time spent in this place.
 D = Time resting spent in this place.
 E = Time spent auto-exploring this place.
 F = Levels seen in this place.
 G = Mean time per level.
                   A        B        C        D        E       F      G
               +--------+--------+--------+--------+--------+-----+--------+
         Total |  11346 |  10923 |    423 |   1492 |   6889 |  11 | 1031.5 |
       Dungeon |  10679 |  10256 |    423 |   1387 |   6603 |  10 | 1067.9 |
       Ossuary |    667 |    667 |      0 |    105 |    286 |   1 |  667.0 |
               +--------+--------+--------+--------+--------+-----+--------+

Top non-repeatable levels by time:
     D:6: 1841 daAuts
     D:8: 1657 daAuts
     D:5: 1616 daAuts
     D:3: 1417 daAuts
     D:4: 1353 daAuts
     D:1: 1322 daAuts
     D:2: 853 daAuts
 Ossuary: 667 daAuts
     D:9: 399 daAuts
    D:10: 117 daAuts
     D:7: 100 daAuts
